 Dungeon Crawl Stone Soup version 0.30.0-29-ga12c61a403 (webtiles) character file.

Game seed: 13365992878122320344

17630 Graphine the Pandemonic (level 12, 0/97 HPs)
             Began as a Demonspawn Monk on June 21, 2023.
             Was a High Priest of Makhleb.
             Killed by an exploding ogre (41 damage)
             ... ignited by their inner flame
             ... on level 2 of the Orcish Mines.
             The game lasted 00:27:29 (10144 turns).

Graphine the Pandemonic (Demonspawn Monk)          Turns: 10144, Time: 00:27:30

Health: 0/97       AC: 18    Str: 13    XL:     12   Next: 20%
Magic:  20/20      EV: 16    Int: 12    God:    Makhleb [*****.]
Gold:   1038       SH: 12    Dex: 22    Spells: 11/11 levels left

rFire   . . .        k - +3 scimitar (freeze)
rCold   + + .        q - +0 buckler
rNeg    . . .        Q - +3 ring mail {rC+}
rPois   .            E - +0 helmet
rElec   .            I - +2 cloak
rCorr   .            T - +0 pair of gloves
SInv    .            b - +1 pair of boots of Fun and Games {rC+ Dex+3}
Will    +....        l - amulet of reflection
Stlth   +            e - ring of willpower
HPRegen 0.36/turn    F - +4 ring of slaying
MPRegen 0.17/turn

%: reflection
@: no status effects
A: demonic guardian 2, ignite blood 2, sharp scales 3, weakness stinger 2
a: Renounce Religion, Minor Destruction, Lesser Servant of Makhleb, Major
Destruction, Greater Servant of Makhleb


You were on level 2 of the Orcish Mines.
You worshipped Makhleb.
Makhleb was extremely pleased with you.
You visited 3 branches of the dungeon, and saw 14 of its levels.

You collected 1120 gold pieces.
You spent 82 gold pieces at shops.

Inventory:

Hand Weapons
 k - a +3 scimitar of freezing (weapon)
 r - a +5 falchion
 H - the +3 sling "Caemots" {flame, rElec rN+ Int-5}
   (You found it on level 4 of the Dungeon)

   Int:       It affects your intelligence (-5).
   rElec:     It insulates you from electricity.
   rN:        It protects you from negative energy.
Missiles
 d - 6 boomerangs
 L - a throwing net
Armour
 b - the +1 pair of boots of Fun and Games (worn) {rC+ Dex+3}
   (You acquired it on level 2 of the Dungeon)

   Dex:       It affects your dexterity (+3).
   rC:        It protects you from cold.
 q - a +0 buckler (worn)
 E - a +0 helmet (worn)
 I - a +2 cloak (worn)
 Q - a +3 ring mail of cold resistance (worn)
 T - a +0 pair of gloves (worn)
Jewellery
 e - a ring of willpower (left hand)
 l - an amulet of reflection (around neck)
 m - a ring of protection from cold
 u - a ring of positive energy
 B - an amulet of reflection
 F - a +4 ring of slaying (right hand)
 J - a +5 ring of evasion
 K - a ring of protection from fire
 S - a ring of positive energy
 X - a ring of ice
Wands
 a - a wand of paralysis (9)
 p - a wand of mindburst (8)
 A - a wand of light (11)
 G - a wand of iceblast (6)
 P - a wand of polymorph (9)
 W - a wand of digging (6)
Scrolls
 f - 3 scrolls of immolation
 j - 3 scrolls of blinking
 n - a scroll of amnesia
 s - a scroll of magic mapping
 t - 3 scrolls of vulnerability
 v - 4 scrolls of fog
 y - 2 scrolls of poison
 D - 6 scrolls of teleportation
Potions
 c - 2 potions of ambrosia
 g - 4 potions of lignification
 h - 2 potions of resistance
 i - 4 potions of heal wounds
 o - a potion of berserk rage
 w - 2 potions of magic
 x - a potion of flight
 z - 2 potions of mutation
 C - 5 potions of might
 M - 6 potions of curing
 N - 2 potions of haste
 O - 2 potions of brilliance {unknown}
 R - 2 potions of cancellation {unknown}


   Skills:
 + Level 10.1 Fighting
 + Level 9.3 Long Blades
 + Level 9.2 Dodging
 - Level 7.0 Shields
 + Level 11.5 Invocations


You had 11 spell levels left.
You didn't know any spells.
Your spell library contained the following spells:

 Spells                   Type           Power      Damage    Failure   Level
 Beastly Appendage        Tmut           0%         N/A       67%         1
 Foxfire                  Conj/Fire      0%         2x1d4     67%         1
 Kiss of Death            Conj/Necr      0%         2d5       67%         1
 Magic Dart               Conj           0%         1d3       67%         1
 Static Discharge         Conj/Air       0%         2-2/arc   80%         2
 Wereblood                Tmut           0%         N/A       80%         2
 Frozen Ramparts          Ice            0%         1d1       95%         3
 Inner Flame              Hex/Fire       0%         N/A       95%         3
 Spider Form              Tmut/Pois      0%         N/A       95%         3
 Airstrike                Air            0%         2d(0-16)  100%        4
 Flame Wave               Conj/Fire      0%         2d4       100%        4
 Ice Form                 Ice/Tmut       0%         N/A       100%        4
 Sticky Flame             Conj/Fire      0%         2d3       100%        4
 Summon Ice Beast         Ice/Summ       0%         N/A       100%        4
 Summon Lightning Spire   Summ/Air       0%         N/A       100%        4
 Malign Gateway           Summ/Tloc      0%         N/A       100%        7
 Summon Horrible Things   Summ           0%         N/A       100%        8


Dungeon Overview and Level Annotations

Branches:
Dungeon (11/15)            Temple (1/1) D:4            Lair (0/5) D:10
    Orc (2/2) D:10            Elf (0/3) Orc:2

Altars:
Dithmenos
Fedhas
Gozag
Kikubaaqudgha
Makhleb
Okawaru
Qazlal
Ru
Sif Muna
Uskayaw
Vehumet
Wu Jian
Xom
Yredelemnul

Shops:
D:4 ?   Orc:2 (

Annotations:
D:2 2 exclusions


Innate Abilities, Weirdness & Mutations

A demonic guardian rushes to your aid.
Your demonic aura often causes spilled blood to erupt in flames.
You are completely covered in razor-sharp scales. (AC +3, Slay +3)
You have a tail ending in a sharp stinger.


Message History

You tail-slap the troll!
The troll is almost dead.
You block the ogre's attack.
The troll is engulfed in blazing flames.
Makhleb accepts your kill.
The troll explodes!
The fiery explosion engulfs the two-headed ogre!!
Flame seeps out of the two-headed ogre.
The two-headed ogre is heavily wounded.
The fiery explosion engulfs the troll!!
Flame seeps out of the troll.
The troll is severely wounded.
The fiery explosion engulfs the two-headed ogre!!
Flame seeps out of the two-headed ogre.
The two-headed ogre is moderately wounded.
The fiery explosion engulfs something!
Makhleb accepts your kill.
You feel better.
Reactivating autopickup.
You feel a bit more experienced.
The fiery explosion engulfs the cyclops!!!
Flame seeps out of the cyclops.
The cyclops is severely wounded.
The fiery explosion engulfs the troll!!
Flame seeps out of the troll.
The troll is almost dead.
The fiery explosion engulfs you!!
The ogre mage explodes!
The fiery explosion engulfs the cyclops!!
Makhleb accepts your kill.
You feel better.
The fiery explosion engulfs the ogre!!
Flame seeps out of the ogre.
The ogre is almost dead.
The fiery explosion engulfs the troll!!
Makhleb accepts your kill.
You feel better. The fiery explosion engulfs you!!
The fiery explosion engulfs the ogre!!!
Makhleb accepts your kill.
You feel better.
The ogre explodes!
The fiery explosion engulfs you!!!
You die...

.......O.......
......OT........
..O....o........
....OoO........#
......OO..O....##.
.....O§§§.........
....☼O°○O§.......
.....T§@§§.#.#.#
....).T°§§.....##
.......)))).....#
##..#.##.#..##.##
## ## ######


You could see an orc knight (inner flame), 4 two-headed ogres, an ogre mage
(inner flame), 3 trolls, 6 ogres and an orc (inner flame, strong).

Vanquished Creatures
  An orc warlord (Orc:2)
  Fannar (D:10)
  An ogre mage (Orc:2)
  4 two-headed ogres
  2 cyclopes
  Maurice (D:8)
  Maggie (D:10)
  A kobold demonologist (D:9)
  A komodo dragon (D:10)
  An efreet (D:10)
  8 trolls
  3 hornets
  A blink frog (shapeshifter) (D:10)
  2 dream sheep (D:8)
  A slime creature (D:9)
  A vampire (D:10)
  3 wyverns
  8 yaks
  A wraith (D:9)
  A steam dragon (D:8)
  6 wargs
  3 water moccasins
  Duvessa (D:7)
  2 sky beasts (D:7)
  3 ice beasts
  15 orc warriors
  11 ogres
  A black bear (D:5)
  8 centaurs
  4 kobold brigands
  A gnoll sergeant (D:9)
  2 bullfrogs (D:9)
  A scorpion (D:5)
  9 wights
  Dowan (D:7)
  6 killer bees (D:9)
  A howler monkey (D:9)
  2 hounds
  2 jellies
  9 orc priests
  A sleepcap (D:8)
  Crazy Yiuf (D:4)
  2 gnoll boudas
  4 iguanas (D:5)
  23 orc wizards
  Robin (D:3)
  4 gnolls (D:5)
  14 adders
  4 white imps
  An ufetubus (D:5)
  3 worms
  2 dart slugs
  31 orcs
  6 bats
  5 endoplasms
  A giant cockroach (D:4)
  21 goblins
  A hobgoblin (D:4)
  5 jackals
  3 quokkas
  6 ball pythons
  2 frilled lizards (D:1)
  11 kobolds
  A rat (D:1)
284 creatures vanquished.

Vanquished Creatures (collateral kills)
  A troll (Orc:2)
  A hound (D:3)
  3 orcs (Orc:2)
5 creatures vanquished.

Vanquished Creatures (others)
  A dream sheep (D:8)
  An orc (D:8)
2 creatures vanquished.

Grand Total: 291 creatures vanquished

Notes
Turn   | Place    | Note
-------+----------+-------------------------------------------
     0 | D:1      | Graphine the Demonspawn Monk began the quest for the Orb.
     0 | D:1      | Reached XP level 1. HP: 18/18 MP: 1/1
    35 | D:1      | Found a faded altar of an unknown god.
   325 | D:1      | Gained mutation: You have a small tail. [demonic ancestry]
   325 | D:1      | Reached XP level 2. HP: 24/24 MP: 2/2
   930 | D:2      | Gained mutation: A weak demonic guardian rushes to your
                  | aid. [demonic ancestry]
   930 | D:2      | Reached XP level 3. HP: 29/29 MP: 3/3
  1423 | D:2      | Identified a scroll of acquirement
  1423 | D:2      | Acquired the +1 pair of boots of Fun and Games {rC+ Dex+3}
  1733 | D:3      | Gained mutation: You are partially covered in razor-sharp
                  | scales. (AC +1, Slay +1) [demonic ancestry]
  1733 | D:3      | Reached XP level 4. HP: 28/37 MP: 4/4
  1784 | D:3      | Reached skill level 1 in Shields
  1807 | D:3      | Noticed Robin
  1836 | D:3      | Gained mutation: You have a tail ending in a sharp stinger.
                  | [demonic ancestry]
  1836 | D:3      | Reached XP level 5. HP: 21/42 MP: 5/5
  2000 | D:3      | Found a sacrificial altar of Ru.
  2300 | D:3      | Killed Robin
  2573 | D:3      | Reached XP level 6. HP: 49/49 MP: 6/6
  2844 | D:4      | Found Roaq Lits's Magic Scroll Boutique.
  2849 | D:4      | Bought a scroll of enchant armour for 82 gold pieces
  2895 | D:4      | Identified the +3 sling "Caemots" {flame, rElec rN+ Int-5}
  3088 | D:4      | Found a staircase to the Ecumenical Temple.
  3100 | D:4      | Found a blossoming altar of Fedhas.
  3180 | Temple   | Entered the Ecumenical Temple
  3186 | Temple   | Became a worshipper of Makhleb the Destroyer
  3186 | Temple   | Reached * piety under Makhleb
  3186 | Temple   | Reached ** piety under Makhleb
  3404 | D:4      | Found a runed translucent door.
  3405 | D:4      | Noticed Crazy Yiuf
  3415 | D:4      | Killed Crazy Yiuf
  3585 | D:5      | Entered Level 5 of the Dungeon
  3644 | D:5      | Reached skill level 1 in Invocations
  3653 | D:5      | Noticed a water moccasin
  3658 | D:5      | Killed a water moccasin
  3801 | D:5      | Reached XP level 7. HP: 55/55 MP: 8/8
  3807 | D:5      | Reached skill level 2 in Invocations
  3838 | D:5      | Found a shimmering altar of Xom.
  3918 | D:5      | Got The Basics of Witchery
  4016 | D:5      | Reached skill level 5 in Fighting
  4227 | D:5      | Reached skill level 3 in Invocations
  4238 | D:5      | Gained mutation: You are mostly covered in razor-sharp
                  | scales. (AC +2, Slay +2) [demonic ancestry]
  4238 | D:5      | Reached XP level 8. HP: 55/63 MP: 10/10
  4246 | D:5      | Reached skill level 5 in Long Blades
  4246 | D:5      | Reached skill level 5 in Dodging
  4246 | D:5      | Reached skill level 4 in Invocations
  5013 | D:6      | Found a radiant altar of Vehumet.
  5013 | D:6      | Found a hide-covered altar of Uskayaw.
  5313 | D:7      | Found a shadowy altar of Dithmenos.
  5452 | D:7      | Noticed Dowan
  5454 | D:7      | Noticed Duvessa
  5455 | D:7      | Killed Dowan
  5467 | D:7      | Killed Duvessa
  5633 | D:7      | Reached skill level 5 in Invocations
  5815 | D:7      | Reached *** piety under Makhleb
  5816 | D:7      | Gained mutation: Your demonic aura sometimes causes spilled
                  | blood to erupt in flames. [demonic ancestry]
  5816 | D:7      | Reached XP level 9. HP: 36/70 MP: 13/13
  6273 | D:8      | Reached skill level 6 in Invocations
  6278 | D:8      | Reached skill level 5 in Shields
  6543 | D:8      | Noticed Maurice
  6578 | D:8      | Killed Maurice
  6579 | D:8      | Reached skill level 7 in Invocations
  7103 | D:8      | Gained mutation: Your demonic aura often causes spilled
                  | blood to erupt in flames. [demonic ancestry]
  7103 | D:8      | Reached XP level 10. HP: 67/79 MP: 15/15
  7234 | D:9      | Noticed a two-headed ogre
  7234 | D:9      | Noticed a two-headed ogre
  7243 | D:9      | Killed a two-headed ogre
  7244 | D:9      | Reached skill level 8 in Invocations
  7249 | D:9      | Killed a two-headed ogre
  7257 | D:9      | Reached **** piety under Makhleb
  7360 | D:9      | Noticed a two-headed ogre
  7363 | D:9      | Reached skill level 9 in Invocations
  7365 | D:9      | Killed a two-headed ogre
  7401 | D:9      | Gained mutation: You are completely covered in razor-sharp
                  | scales. (AC +3, Slay +3) [demonic ancestry]
  7401 | D:9      | Reached XP level 11. HP: 87/87 MP: 17/17
  7942 | D:10     | Entered Level 10 of the Dungeon
  7953 | D:10     | Found a staircase to the Lair.
  8003 | D:10     | Found an iron altar of Okawaru.
  8140 | D:10     | Found a staircase to the Orcish Mines.
  8152 | D:10     | Noticed Maggie
  8162 | D:10     | Killed Maggie
  8501 | D:10     | Noticed a two-headed ogre
  8502 | D:10     | Noticed a harpy
  8508 | D:10     | Reached ***** piety under Makhleb
  8509 | D:10     | Reached skill level 10 in Invocations
  8516 | D:10     | a harpy changed into a blink frog
  8527 | D:10     | Killed a two-headed ogre
  8766 | D:10     | Noticed Fannar
  8776 | D:10     | Killed Fannar
  9070 | D:11     | Noticed a boulder beetle
  9075 | D:11     | Noticed an Executioner
  9076 | D:11     | Noticed a two-headed ogre
  9391 | Orc:1    | Entered Level 1 of the Orcish Mines
  9568 | Orc:1    | Reached skill level 11 in Invocations
  9736 | Orc:2    | Entered Level 2 of the Orcish Mines
  9736 | Orc:2    | Found a staircase to the Elven Halls.
  9764 | Orc:2    | Noticed an orc warlord
  9781 | Orc:2    | Killed an orc warlord
  9782 | Orc:2    | Gained mutation: A demonic guardian rushes to your aid.
                  | [demonic ancestry]
  9782 | Orc:2    | Reached XP level 12. HP: 97/97 MP: 20/20
  9899 | Orc:2    | Reached skill level 10 in Fighting
 10019 | Orc:2    | Found Laumn's Weapon Shoppe.
 10129 | Orc:2    | Noticed an ogre mage
 10137 | Orc:2    | Noticed a two-headed ogre
 10139 | Orc:2    | Noticed a two-headed ogre
 10140 | Orc:2    | Noticed a two-headed ogre
 10140 | Orc:2    | Noticed an ogre mage
 10141 | Orc:2    | Noticed a two-headed ogre
 10144 | Orc:2    | Killed an ogre mage
 10144 | Orc:2    | Killed by an exploding ogre... ignited by their inner flame

Illustrated notes

Levels and vault maps discovered:
D:1:      scummos_arrival_gate, layout_basic, hellmonk_ecumenical_altar_blasted,
          minmay_pentomino_z4
D:2:      wad_lake_hut, layout_loops_ring
D:3:      kennysheep_goblin_castle, layout_loops_corners,
          mainiacjoe_overflow_brackets, chequers_avenue, minmay_snake_closets
D:4:      layout_basic, kennysheep_mini, temple_pool_b, nicolae_stop_n_shop_1,
          uniq_crazy_yiuf_cottage
D:5:      minmay_opposing_rooms, layout_loops_ring,
          nicolae_overflow_crystal_walls
D:6:      layout_basic, minitemple
D:7:      layout_basic, mainiacjoe_overflow_cross_hatched,
          chequers_serial_rivers_micro_a, uniq_duvessa
D:8:      layout_cave_pools, dreamdust_gnoll_shepherd, uniq_maurice
D:9:      minmay_imperfect_grid, layout_small_grid
D:10:     nzn_winding_woodlands_three_and_one
          [nzn_winding_woodlands_5x15_sidewinder,
          nzn_winding_woodlands_5x15_default, nzn_winding_woodlands_5x15_garden,
          nzn_winding_woodlands_center_garden], layout_basic,
          mainiacjoe_overflow_surrounded_room, minmay_orc_entry_guard_dogs,
          minmay_unpleasant_kobolds, uniq_maggie, uniq_fannar
D:11:     layout_rooms, portal_ice_cave_demonic_guard
Temple:   nicolae_temple_ecumenical_triangle
Orc:1:    lemuel_ogre_cave, layout_caves, nicolae_orc_damp_corner
Orc:2:    st_orc_open, layout_diamond_mine, serial_shops, shop, nooodl_orcs_dogs

Skill      XL: |  1  2  3  4  5  6  7  8  9 10 11 12 |
---------------+-------------------------------------+-----
Long Blades    | 3 4 5 6 7 9 |  9.3
Dodging        | 3 4 5 6 7 9 |  9.2
Shields        | 1 2 3 4 5 6 7 |  7.0
Fighting       | 4 5 6 7 8 9 10 | 10.1
Invocations    | 1 3 5 7 9 11 | 11.5

Action                     |  1- 3 |  4- 6 |  7- 9 | 10-12 || total
---------------------------+-------+-------+-------+-------++-------
  Melee: Falchion          |    54 |    89 |    69 |       ||   212
         Tailslap          |     5 |    12 |    10 |    36 ||    63
         Dagger            |       |     1 |     5 |       ||     6
         Scimitar          |       |       |    25 |   217 ||   242
   Fire: Sling             |       |    29 |    51 |       ||    80
  Throw: Boomerang         |       |       |    72 |     1 ||    73
 Invoke: Minor Destruction |       |       |       |    81 ||    81
         Lesser Servant of |       |       |       |     2 ||     2
         Greater Servant o |       |       |       |     1 ||     1
  Evoke: Wand              |       |    19 |    17 |       ||    36
    Use: Scroll            |     8 |     6 |     6 |     6 ||    26
         Potion            |       |       |       |     1 ||     1
   Stab: Distracted        |     1 |       |       |     1 ||     2
         Sleeping          |       |     4 |       |       ||     4
         Invisible         |       |       |     3 |       ||     3
 Armour: Robe              |     6 |       |       |       ||     6
         Leather armour    |     7 |    26 |    22 |       ||    55
         Ring mail         |       |       |    37 |    65 ||   102
  Dodge: Dodged            |    29 |    58 |    59 |    92 ||   238
  Block: Buckler           |    11 |    49 |    81 |   121 ||   262
         Orb               |     1 |       |       |       ||     1
         Reflection        |       |     5 |     6 |     9 ||    20
